General information
- name: BNet
- type: Ladder team game (AT/RT)
- host: Battle.net
- saver: 128421814891891
map: Mur'gulOasis
- players: 8
- length: 17:14
- speed: Fast
- version: 1.26 W3XP
- replay type: Public
» download(109 KB)
Players
team 1 (loser)
lKN0WHATIMDOlN (
blue | 64 APM | 526 actions | 08:09)
1 Mountain King
1 Storm Bolt
» actions
| Assign group hotkey | 9 | |
| Build / train | 42 | |
| Enter build submenu | 23 | |
| Enter hero's abilities submenu | 1 | |
| Remove unit from queue | 3 | |
| Right click | 97 | |
| Select / deselect | 109 | |
| Select group hotkey | 215 | |
| Use ability | 27 | |
526 total
» units
» upgrades
» buildings
| Lumber Mill | 1 | |
| Farm | 3 | |
| Altar of Kings | 1 | |
| Keep | 1 | |
| Scout Tower | 16 | |
| Guard Tower | 15 | |
| Blacksmith | 1 | |
| Arcane Tower | 1 | |
| Barracks | 1 | |
40 total
» build order
00:12 Lumber Mill
00:21 Farm
00:27 Altar of Kings
01:01 Farm
02:49 Keep
03:01 Farm
03:25 Scout Tower
03:27 Scout Tower
03:27 Scout Tower
03:54 Guard Tower
03:56 Guard Tower
03:56 Guard Tower
03:57 Guard Tower
03:58 Guard Tower
04:03 Scout Tower
04:07 Scout Tower
04:08 Scout Tower
04:09 Scout Tower
04:18 Blacksmith
04:35 Guard Tower
04:37 Guard Tower
04:40 Scout Tower
04:41 Scout Tower
04:42 Scout Tower
04:51 Arcane Tower
05:08 Guard Tower
05:09 Guard Tower
05:17 Guard Tower
05:17 Guard Tower
05:37 Scout Tower
05:38 Scout Tower
05:54 Barracks
06:06 Guard Tower
06:24 Scout Tower
06:25 Scout Tower
06:34 Scout Tower
06:39 Scout Tower

»
SLIMSHADY (
purple | 42 APM | 344 actions | 08:07)
1 Archmage
1 Summon Water Elemental
1 Paladin
1 Holy Light
» actions
| Assign group hotkey | 6 | |
| Build / train | 26 | |
| Enter build submenu | 12 | |
| Enter hero's abilities submenu | 2 | |
| Right click | 124 | |
| Select / deselect | 97 | |
| Select group hotkey | 40 | |
| Use ability | 37 | |
344 total
» units
| Peasant | 12 | |
| Footman | 7 | |
| Sorceress | 2 | |
21 total
» buildings
| Farm | 6 | |
| Altar of Kings | 1 | |
| Barracks | 1 | |
| Keep | 1 | |
| Arcane Vault | 1 | |
| Lumber Mill | 1 | |
| Arcane Sanctum | 1 | |
12 total
» build order
00:25 Farm
00:38 Altar of Kings
00:53 Barracks
01:03 Farm
01:45 Farm
02:26 Farm
02:55 Keep
03:28 Farm
04:08 Farm
05:33 Arcane Vault
05:37 Lumber Mill
05:41 Arcane Sanctum
Another_Loss (
teal | 133 APM | 1097 actions | 08:16)
2 Demon Hunter
1 Evasion
1 Mana Burn
» actions
| Assign group hotkey | 20 | |
| Basic commands | 78 | |
| Build / train | 46 | |
| ESC pressed | 5 | |
| Enter build submenu | 13 | |
| Enter hero's abilities submenu | 2 | |
| Give item / drop item | 3 | |
| Right click | 230 | |
| Select / deselect | 105 | |
| Select group hotkey | 533 | |
| Use ability | 62 | |
1097 total
» units
| Wisp | 21 | |
| Archer | 4 | |
| Giant Sea Turtle | 1 | |
| Druid of the Claw | 3 | |
29 total
» upgrades
| Druid of the Claw Training | 2 | |
2 total
» buildings
| Altar of Elders | 2 | |
| Moon Well | 4 | |
| Ancient of War | 1 | |
| Tree of Ages | 2 | |
| Hunter's Hall | 1 | |
| Ancient of Wonders | 1 | |
| Tree of Eternity | 3 | |
| Ancient of Lore | 2 | |
16 total
» build order
00:02 Altar of Elders
00:05 Altar of Elders
00:11 Moon Well
00:34 Ancient of War
01:27 Moon Well
02:33 Tree of Ages
02:33 Tree of Ages
03:19 Moon Well
03:22 Moon Well
03:58 Hunter's Hall
04:37 Ancient of Wonders
05:15 Tree of Eternity
05:15 Tree of Eternity
05:18 Ancient of Lore
05:54 Ancient of Lore
» items
| Boots of Speed | 1 | |
| Dust of Appearance | 1 | |
| Staff of Teleportation | 1 | |
| Staff of Preservation | 2 | |
5 total
128421814891891 (
orange | 120 APM | 2062 actions | 17:14)
5 Archmage
3 Summon Water Elemental
2 Brilliance Aura
» actions
| Assign group hotkey | 166 | |
| Basic commands | 28 | |
| Build / train | 171 | |
| Enter build submenu | 62 | |
| Enter hero's abilities submenu | 6 | |
| Give item / drop item | 1 | |
| Right click | 749 | |
| Select / deselect | 273 | |
| Select group hotkey | 379 | |
| Use ability | 227 | |
2062 total
» units
| Peasant | 13 | |
| Footman | 8 | |
| Gryphon Rider | 4 | |
25 total
» upgrades
| Masonry | 3 | |
| Swords | 2 | |
| Armor | 1 | |
| Animal War Training | 1 | |
7 total
» buildings
| Altar of Kings | 2 | |
| Barracks | 3 | |
| Farm | 8 | |
| Arcane Vault | 1 | |
| Lumber Mill | 1 | |
| Keep | 4 | |
| Scout Tower | 35 | |
| Arcane Tower | 4 | |
| Guard Tower | 84 | |
| Castle | 9 | |
| Gryphon Aviary | 2 | |
| Blacksmith | 3 | |
156 total
» build order
00:38 Altar of Kings
00:40 Barracks
00:42 Barracks
00:50 Farm
01:06 Farm
01:38 Farm
02:11 Arcane Vault
02:29 Lumber Mill
02:44 Farm
04:56 Keep
04:57 Keep
04:57 Keep
05:54 Scout Tower
06:07 Scout Tower
06:14 Scout Tower
06:15 Scout Tower
06:17 Scout Tower
06:18 Scout Tower
06:29 Arcane Tower
06:29 Arcane Tower
06:29 Arcane Tower
06:36 Guard Tower
06:36 Guard Tower
06:36 Guard Tower
06:39 Scout Tower
06:40 Scout Tower
07:09 Scout Tower
07:10 Scout Tower
07:12 Guard Tower
07:12 Guard Tower
07:13 Guard Tower
07:13 Guard Tower
07:26 Castle
07:26 Castle
07:27 Castle
07:27 Castle
07:31 Gryphon Aviary
07:32 Gryphon Aviary
07:37 Blacksmith
07:57 Guard Tower
07:57 Guard Tower
08:37 Scout Tower
08:38 Scout Tower
08:39 Scout Tower
08:46 Scout Tower
08:50 Scout Tower
09:12 Guard Tower
09:13 Guard Tower
09:13 Guard Tower
09:13 Guard Tower
09:14 Scout Tower
09:15 Scout Tower
09:15 Scout Tower
09:19 Scout Tower
09:19 Scout Tower
09:20 Scout Tower
09:36 Scout Tower
09:37 Scout Tower
09:41 Scout Tower
09:42 Scout Tower
09:46 Scout Tower
09:47 Scout Tower
10:00 Scout Tower
10:01 Scout Tower
10:04 Scout Tower
10:12 Guard Tower
10:12 Guard Tower
10:12 Guard Tower
10:13 Guard Tower
10:13 Guard Tower
10:13 Guard Tower
10:21 Guard Tower
10:22 Guard Tower
10:22 Guard Tower
10:25 Guard Tower
10:25 Guard Tower
10:26 Guard Tower
10:28 Castle
10:28 Castle
10:28 Castle
10:36 Guard Tower
10:37 Guard Tower
10:37 Guard Tower
10:37 Guard Tower
10:41 Guard Tower
10:54 Scout Tower
10:57 Guard Tower
10:57 Guard Tower
10:57 Guard Tower
11:20 Farm
11:22 Farm
11:33 Guard Tower
11:33 Guard Tower
11:36 Guard Tower
11:36 Guard Tower
11:36 Guard Tower
11:54 Guard Tower
11:54 Guard Tower
11:54 Guard Tower
11:55 Guard Tower
12:12 Barracks
12:22 Altar of Kings
12:42 Guard Tower
12:42 Guard Tower
12:42 Guard Tower
13:52 Scout Tower
13:53 Scout Tower
14:24 Farm
15:07 Guard Tower
15:08 Guard Tower
15:08 Guard Tower
15:16 Scout Tower
15:17 Scout Tower
15:42 Guard Tower
15:42 Guard Tower
15:42 Guard Tower
15:51 Blacksmith
15:54 Blacksmith
15:55 Guard Tower
15:55 Guard Tower
15:55 Guard Tower
15:56 Guard Tower
15:56 Guard Tower
16:02 Farm
» items
| Periapt of Vitality | 1 | |
| Staff of Teleportation | 1 | |
| Scroll of Regeneration | 3 | |
| Mechanical Critter | 2 | |
| Scroll of Town Portal | 1 | |
8 total
team 2 (winner)
hello. (
pink | 71 APM | 1152 actions | 16:11)
4 Archmage
2 Summon Water Elemental
2 Brilliance Aura
3 Mountain King
2 Storm Bolt
1 Bash
» actions
| Assign group hotkey | 57 | |
| Basic commands | 24 | |
| Build / train | 57 | |
| Enter build submenu | 24 | |
| Enter hero's abilities submenu | 7 | |
| Give item / drop item | 1 | |
| Right click | 443 | |
| Select / deselect | 230 | |
| Select group hotkey | 250 | |
| Use ability | 58 | |
1152 total
» units
| Peasant | 11 | |
| Footman | 13 | |
| Rifleman | 1 | |
| Mortar Team | 4 | |
| Priest | 3 | |
| Sorceress | 1 | |
| Knight | 1 | |
34 total
» upgrades
| Long Rifles | 1 | |
| Priest Training | 2 | |
| Lumber Harvesting | 1 | |
| Flare | 1 | |
| Fragmentation Shards | 1 | |
6 total
» buildings
| Altar of Kings | 2 | |
| Farm | 10 | |
| Barracks | 1 | |
| Lumber Mill | 1 | |
| Scout Tower | 3 | |
| Arcane Tower | 3 | |
| Arcane Vault | 1 | |
| Keep | 1 | |
| Blacksmith | 1 | |
| Workshop | 1 | |
| Arcane Sanctum | 1 | |
| Castle | 2 | |
| Guard Tower | 1 | |
| Town Hall | 1 | |
29 total
» build order
00:05 Altar of Kings
00:17 Farm
00:27 Barracks
00:57 Farm
01:18 Lumber Mill
01:34 Scout Tower
01:48 Farm
02:08 Arcane Tower
02:08 Arcane Tower
02:08 Arcane Tower
02:44 Arcane Vault
03:24 Keep
03:53 Blacksmith
04:22 Farm
04:24 Farm
05:47 Workshop
05:53 Arcane Sanctum
06:05 Farm
06:12 Farm
07:41 Castle
07:50 Castle
08:46 Farm
08:47 Farm
08:56 Farm
13:23 Scout Tower
13:24 Scout Tower
13:53 Guard Tower
14:01 Town Hall
14:08 Altar of Kings
» items
barcan47 (
green | 33 APM | 552 actions | 16:51)
5 Death Knight
2 Death Coil
3 Unholy Aura
» actions
| Assign group hotkey | 19 | |
| Basic commands | 25 | |
| Build / train | 45 | |
| ESC pressed | 2 | |
| Enter build submenu | 15 | |
| Enter hero's abilities submenu | 5 | |
| Remove unit from queue | 7 | |
| Right click | 91 | |
| Select / deselect | 127 | |
| Select group hotkey | 172 | |
| Use ability | 44 | |
552 total
» units
| Acolyte | 3 | |
| Ghoul | 3 | |
| Crypt Fiend | 11 | |
17 total
» upgrades
| Creature Carapace | 3 | |
| Creature Attack | 3 | |
| Web | 1 | |
7 total
» buildings
| Crypt | 1 | |
| Ziggurat | 9 | |
| Altar of Darkness | 1 | |
| Graveyard | 1 | |
| Tomb of Relics | 1 | |
| Halls of the Dead | 1 | |
| Black Citadel | 1 | |
| Necropolis | 1 | |
| Sacrificial Pit | 1 | |
17 total
» build order
00:15 Crypt
00:20 Ziggurat
00:37 Altar of Darkness
01:01 Graveyard
01:29 Ziggurat
02:00 Tomb of Relics
03:08 Ziggurat
05:40 Ziggurat
06:51 Halls of the Dead
08:31 Ziggurat
08:33 Ziggurat
08:34 Ziggurat
10:09 Black Citadel
12:54 Necropolis
13:29 Sacrificial Pit
13:32 Ziggurat
13:32 Ziggurat
» items
| Rod of Necromancy | 1 | |
| Scroll of Town Portal | 2 | |
| Scroll of Protection | 1 | |
| Scroll of Healing | 2 | |
6 total
GoFakUrself (
yellow | 24 APM | 403 actions | 16:47)
3 Archmage
1 Summon Water Elemental
2 Blizzard
» actions
| Basic commands | 14 | |
| Build / train | 57 | |
| Enter build submenu | 16 | |
| Enter hero's abilities submenu | 3 | |
| Remove unit from queue | 1 | |
| Right click | 101 | |
| Select / deselect | 186 | |
| Use ability | 25 | |
403 total
» units
| Peasant | 13 | |
| Footman | 12 | |
| Priest | 10 | |
| Knight | 5 | |
| Rifleman | 3 | |
43 total
» upgrades
| Plating | 1 | |
| Priest Training | 1 | |
| Gunpowder | 1 | |
| Swords | 2 | |
5 total
» buildings
| Altar of Kings | 1 | |
| Farm | 8 | |
| Barracks | 1 | |
| Keep | 1 | |
| Arcane Vault | 1 | |
| Scout Tower | 1 | |
| Arcane Sanctum | 1 | |
| Arcane Tower | 1 | |
| Blacksmith | 1 | |
| Castle | 1 | |
| Lumber Mill | 1 | |
18 total
» build order
00:12 Altar of Kings
00:22 Farm
00:30 Barracks
00:39 Farm
02:28 Keep
02:51 Farm
03:06 Arcane Vault
03:34 Farm
04:21 Scout Tower
04:56 Arcane Sanctum
04:58 Arcane Tower
05:59 Blacksmith
06:06 Castle
06:12 Farm
06:26 Lumber Mill
07:33 Farm
08:34 Farm
09:29 Farm
» items
SHAMEFALCON. (
red | 60 APM | 1032 actions | 17:14)
2 Blademaster
1 Wind Walk
1 Critical Strike
1 Shadow Hunter
1 Hex
» actions
| Assign group hotkey | 26 | |
| Basic commands | 68 | |
| Build / train | 40 | |
| Enter build submenu | 20 | |
| Enter hero's abilities submenu | 3 | |
| Give item / drop item | 1 | |
| Right click | 407 | |
| Select / deselect | 156 | |
| Select group hotkey | 266 | |
| Use ability | 43 | |
1032 total
» units
| Peon | 14 | |
| Demolisher | 2 | |
| Wind Rider | 4 | |
20 total
» upgrades
» buildings
| Altar of Storms | 1 | |
| Orc Burrow | 7 | |
| War Mill | 1 | |
| Voodoo Lounge | 1 | |
| Watch Tower | 4 | |
| Stronghold | 1 | |
| Fortress | 2 | |
| Barracks | 2 | |
| Beastiary | 3 | |
22 total
» build order
00:09 Altar of Storms
00:22 Orc Burrow
00:40 War Mill
01:18 Voodoo Lounge
01:52 Watch Tower
02:20 Watch Tower
03:06 Stronghold
03:13 Orc Burrow
03:31 Watch Tower
04:43 Watch Tower
05:50 Fortress
05:50 Fortress
05:58 Barracks
06:02 Barracks
06:05 Orc Burrow
07:15 Orc Burrow
08:24 Beastiary
08:28 Beastiary
12:38 Orc Burrow
12:39 Orc Burrow
13:21 Orc Burrow
13:25 Beastiary
» items
| Healing Salve | 1 | |
| Lesser Clarity Potion | 1 | |
| Tiny Great Hall | 1 | |
| Staff of Teleportation | 2 | |
| Scroll of Town Portal | 6 | |
11 total
Chat log
(00:04 / All) 128421814891891: STAY
(00:04 / All) 128421814891891: STAY
(00:05 / All) 128421814891891: STAY
(00:06 / All) 128421814891891: PLZ
(00:07 / All) 128421814891891: NO LEAVERS
(00:09 / All) 128421814891891: THIS TIME
(00:29 / Allies) SLIMSHADY: orange a tk
(00:31 / Allies) 128421814891891: no
(00:33 / Allies) 128421814891891: I'm not
(00:46 / Allies) SLIMSHADY: ur lvl 1 and play as human fuck u
(00:47 / Allies) lKN0WHATIMDOlN: can u guys bak me towering?
(00:54 / Allies) lKN0WHATIMDOlN: i will tower between top 2
(00:54 / Allies) 128421814891891: yeah and so what
(00:56 / Allies) 128421814891891: I'm a smurf
(01:00 / Allies) 128421814891891: I don't want people to recognise me
(01:01 / Allies) Another_Loss: llol
(01:03 / Allies) 128421814891891: I play orc sometimes too
(01:16 / Allies) Another_Loss: im on smurf right now cause 1v1 search impossible
(01:16 / Allies) SLIMSHADY: iwillgayyou
(02:24 / Allies) Another_Loss: lalalla
(02:36 / Allies) Another_Loss: i love ne creepign
(03:01 / Allies) SLIMSHADY: i love strip club
(03:04 / Allies) 128421814891891: I hate everything about ne lawl
(03:06 / Allies) SLIMSHADY: hate to spend money
(03:07 / Allies) 128421814891891: why I never play random
(03:10 / Allies) 128421814891891: except warden is a cool hero
(03:33 / Allies) lKN0WHATIMDOlN: come with hero
(03:34 / Allies) Another_Loss: o.O
(03:35 / Allies) Another_Loss: k
(03:41 / Allies) SLIMSHADY: protect
(03:42 / Allies) SLIMSHADY: all
(03:42 / Allies) lKN0WHATIMDOlN: separate and no backup
(03:51 / Allies) lKN0WHATIMDOlN: red aw me
(03:53 / Allies) Another_Loss: they found it
(03:53 / Allies) Another_Loss: lol
(04:00 / Allies) SLIMSHADY: go protect it
(04:08 / All) SHAMEFALCON.: making a murder good show?
(04:28 / All) SLIMSHADY: he know what hes doing man
(05:00 / Allies) lKN0WHATIMDOlN: come up n hit guys
(05:04 / Allies) lKN0WHATIMDOlN: red tecjed
(05:12 / Allies) lKN0WHATIMDOlN: woo dplz
(05:48 / Allies) lKN0WHATIMDOlN: no one comin
(06:03 / Allies) lKN0WHATIMDOlN: oj getthem plz
(06:17 / Allies) lKN0WHATIMDOlN: oj?
(06:26 / Allies) 128421814891891: yeah
(07:04 / Allies) lKN0WHATIMDOlN: teal wtf u doin?
(07:21 / Allies) lKN0WHATIMDOlN: we coulda won this
(07:25 / Allies) 128421814891891: not over yet
(07:34 / All) hello.: gg
(07:36 / Allies) lKN0WHATIMDOlN: yeh it is nooob fuk
(07:39 / Allies) lKN0WHATIMDOlN: n oone wanted to hit
(07:41 / All) lKN0WHATIMDOlN: idiots
(07:41 / Allies) 128421814891891: lol
(07:45 / All) lKN0WHATIMDOlN: i asked if they want me tower
(07:48 / All) lKN0WHATIMDOlN: they never came
(07:52 / All) 128421814891891: I never said I want you to
(07:53 / All) Another_Loss: Cause we didnt say yes lol
(08:05 / All) SLIMSHADY: GG BLUE
(08:05 / All) lKN0WHATIMDOlN: oj heres sumthin for u
(08:06 / All) 128421814891891: yeah you were only one who wanted to tower lol
(08:09 / All) 128421814891891: so don't bithc we don't help
(08:13 / All) 128421814891891: fucking crybabies
(12:57 / All) 128421814891891: nice hero micro yellow LOL
(15:37 / All) 128421814891891: what the fuck was that yellow LOL
(16:53 / All) 128421814891891: nice
(16:56 / All) SHAMEFALCON.: god lol
(16:57 / All) 128421814891891: sweet job on that tk
(17:01 / All) 128421814891891: whose team loses?
(17:10 / All) SHAMEFALCON.: blue
(17:13 / All) 128421814891891: k